 Dungeon Crawl Stone Soup version 0.29.1-15-g9cfb28693d (webtiles) character file.

Game seed: 17553311420010890921

757 LustLizard the Nimble (level 7, -2/51 HPs)
             Began as a Gnoll Wanderer on Mar 17, 2023.
             Was an Initiate of Cheibriados.
             Slain by Edmund
             ... wielding a +5 dire flail of protection
              (5 damage)
             ... on level 5 of the Dungeon.
             The game lasted 00:14:33 (5778 turns).

LustLizard the Nimble (Gnoll Wanderer)              Turns: 5778, Time: 00:14:34

Health: -2/51      AC:  6    Str: 10    XL:     7   Next: 79%
Magic:  2/13       EV: 16    Int: 15    God:    Cheibriados [......]
Gold:   156        SH:  5    Dex: 14    Spells: 6/14 levels left

rFire   . . .      SeeInvis +   g - +4 whip
rCold   . . .      Faith    .   (no shield)
rNeg    . . .      Spirit   .   c - +0 robe
rPois   .          Reflect  +   (no helmet)
rElec   .          Harm     .   (no cloak)
rCorr   +          Rampage  .   m - +2 pair of gloves {Stlth+}
Will    .....                   A - +0 pair of boots
Stlth   +++.......              C - amulet of reflection
HPRegen 0.17/turn               e - ring of see invisible
MPRegen 0.13/turn               B - ring of resist corrosion

@: very slow
A: fangs 1, strong nose, distributed training
a: Renounce Religion


You were on level 5 of the Dungeon.
You worshipped Cheibriados.
Cheibriados was noncommittal.
You visited 2 branches of the dungeon, and saw 6 of its levels.

You collected 189 gold pieces.
You spent 33 gold pieces at shops.

Inventory:

Hand Weapons
 g - a +4 whip (weapon)
Missiles
 s - 12 poisoned darts
Armour
 c - a +0 robe (worn)
 m - a +2 pair of gloves of stealth (worn)
 A - a +0 pair of boots (worn)
Jewellery
 e - a ring of see invisible (left hand)
 B - a ring of resist corrosion (right hand)
 C - an amulet of reflection (around neck)
 E - a ring of protection from fire
Wands
 x - a wand of polymorph (4)
 z - a wand of flame (14)
 F - a wand of light (2)
Scrolls
 b - 2 scrolls of vulnerability
 h - 3 scrolls of identify
 k - a scroll of noise {unknown}
 o - a scroll of blinking {unknown}
 q - a scroll of brand weapon {unknown}
 u - a scroll of butterflies {unknown}
 w - 2 scrolls of teleportation {unknown}
 y - a scroll of magic mapping {unknown}
 D - a scroll of torment {unknown}
Potions
 a - 3 potions of brilliance
 d - a potion of cancellation {unknown}
 f - 6 potions of heal wounds
 i - a potion of ambrosia {unknown}
 j - 2 potions of curing
 l - a potion of degeneration {unknown}
 n - a potion of mutation {unknown}
 p - a potion of might {unknown}
 r - 2 potions of lignification
 t - 2 potions of haste
 v - a potion of attraction {unknown}


   Skills:
 + Level 2.8 Fighting
 + Level 2.8 Short Blades
 + Level 2.8 Long Blades
 + Level 2.8 Axes
 + Level 2.8 Maces & Flails
 + Level 2.8 Polearms
 + Level 2.8 Staves
 + Level 2.8 Ranged Weapons
 + Level 2.8 Throwing
 + Level 2.8 Armour
 + Level 9.0 Dodging
 + Level 2.8 Stealth
 + Level 2.8 Shields
 + Level 2.8 Unarmed Combat
 + Level 4.0 Spellcasting
 + Level 2.3 Conjurations
 + Level 2.3 Hexes
 + Level 5.9 Summonings
 + Level 2.3 Necromancy
 + Level 2.3 Translocations
 + Level 2.3 Transmutations
 + Level 2.3 Fire Magic
 + Level 2.3 Ice Magic
 + Level 4.4 Air Magic
 + Level 2.3 Earth Magic
 + Level 2.3 Poison Magic
 + Level 3.1 Invocations
 + Level 2.8 Evocations


You had 6 spell levels left.
You knew the following spells:

 Your Spells              Type           Power      Damage    Failure   Level
a - Shock                 Conj/Air       52%        1d6       4%          1
b - Summon Small Mammal   Summ           84%        N/A       1%          1
c - Summon Guardian Gole  Hex/Summ       15%        N/A       10%         3
d - Mephitic Cloud        Conj/Pois/Air  12%        N/A       16%         3

Your spell library contained the following spells:

 Spells                   Type           Power      Damage    Failure   Level
 Summon Ice Beast         Ice/Summ       15%        N/A       32%         4


Dungeon Overview and Level Annotations

Branches:
Dungeon (5/15)             Temple (1/1) D:4

Altars:
Ashenzari
Cheibriados
Dithmenos
Elyvilon
Fedhas
Gozag
Hepliaklqana
Qazlal
Ru
Sif Muna
Vehumet
Xom
Yredelemnul
Zin
The Shining One

Shops:
D:2 !

Annotations:
D:4 Duvessa
D:5 Edmund


Innate Abilities, Weirdness & Mutations

You have very sharp teeth.
Your uncanny sense of smell can sniff out nearby items.
Your experience applies equally to all skills.


Message History

Edmund is severely wounded.
Edmund hits you with a +5 dire flail of protection!
You catch the helpless Edmund completely off-guard!
You hit Edmund but do no damage. You bite Edmund, but do no damage.
Edmund is severely wounded.
You whack Edmund!
Edmund is almost dead.
Edmund closely misses you.
You strike the helpless Edmund from behind!
You hit Edmund but do no damage.
Edmund is almost dead.
Edmund seems less confused.
Edmund hits you with a +5 dire flail of protection!
You hit Edmund.
Edmund is almost dead.
Edmund hits you with a +5 dire flail of protection!
* * * LOW HITPOINT WARNING * * *
You closely miss Edmund. You bite Edmund, but do no damage.
Edmund is almost dead.
Edmund hits you with a +5 dire flail of protection.
* * * LOW HITPOINT WARNING * * *
Okay, then.
Casting: Mephitic Cloud (dangerous; 16% risk of failure)
Confirm with . or Enter, or press ? or * to list all spells.
You don't have enough magic to cast this spell.
Unknown command.
Casting: Mephitic Cloud (dangerous; 16% risk of failure)
Confirm with . or Enter, or press ? or * to list all spells.
Aiming: Shock (safe; 4% risk of failure)
Press: ? - help, Shift-Dir - straight line, f/p - Edmund
Aim: Edmund, wielding a +5 dire flail of protection and wearing a +0 ring mail (almost dead, ally target, 72% to hit)
Okay, then.
You hit Edmund.
Edmund is almost dead.
You block Edmund's attack.
You hit Edmund but do no damage.
Edmund is almost dead.
Your guardian golem disappears in a puff of smoke!
Edmund hits you with a +5 dire flail of protection.
You die...

# ..#°°°.°°°☼☼☼..☼
...#.###.############
........#.°.....○.°○.
....#.#.#############
............:...#
.(..#.##).....# .
#.........#..#### ..
#..#..§.###..##.# ...
#....@@......##.##....
#.....##.##...........
#..#.#...######.##....
#..#<#+### ##.##....
#........# #........
########.# #........
#...#"# ###........
#..#..# #....##....
#.#...###'#### ....


You could see Edmund.

Vanquished Creatures
  Grinder (D:3)
  Blork the orc (D:5)
  Dowan (D:4)
  2 crimson imps (D:4)
  A jelly (D:4)
  An orc priest (D:4)
  Ijyb (D:3)
  Natasha (thrice) (D:4)
  Robin (D:2)
  3 gnolls (D:4)
  9 adders
  2 dart slugs
  6 orcs
  6 ball pythons
  4 bats
  9 endoplasms
  6 giant cockroaches
  6 goblins (D:2)
  10 hobgoblins
  9 jackals
  11 kobolds
  4 quokkas
  3 frilled lizards
  2 rats
102 creatures vanquished.

Vanquished Creatures (others)
  3 plants (D:3)
3 creatures vanquished.

Grand Total: 105 creatures vanquished

Notes
Turn   | Place    | Note
-------+----------+-------------------------------------------
     0 | D:1      | LustLizard the Gnoll Wanderer began the quest for the Orb.
     0 | D:1      | LustLizard set off with the following items: a +0 dagger, a
                  | scroll of vulnerability, a +0 robe, a +0 pair of gloves;
                  | and the following spells available to memorise: Summon
                  | Small Mammal, Shock, Summon Guardian Golem, Mephitic Cloud,
                  | Summon Ice Beast.
     0 | D:1      | Reached XP level 1. HP: 13/13 MP: 4/4
     2 | D:1      | Learned a level 1 spell: Shock
     4 | D:1      | Learned a level 1 spell: Summon Small Mammal
   355 | D:1      | Reached XP level 2. HP: 19/19 MP: 2/5
  1023 | D:2      | Reached XP level 3. HP: 20/25 MP: 1/7
  1050 | D:2      | Reached skill level 1 in Invocations
  1252 | D:2      | Reached skill level 1 in Fighting
  1252 | D:2      | Reached skill level 1 in Short Blades
  1252 | D:2      | Reached skill level 1 in Long Blades
  1252 | D:2      | Reached skill level 1 in Axes
  1252 | D:2      | Reached skill level 1 in Maces & Flails
  1252 | D:2      | Reached skill level 1 in Polearms
  1252 | D:2      | Reached skill level 1 in Staves
  1252 | D:2      | Reached skill level 1 in Ranged Weapons
  1252 | D:2      | Reached skill level 1 in Throwing
  1252 | D:2      | Reached skill level 1 in Armour
  1252 | D:2      | Reached skill level 1 in Stealth
  1252 | D:2      | Reached skill level 1 in Shields
  1252 | D:2      | Reached skill level 1 in Unarmed Combat
  1252 | D:2      | Reached skill level 1 in Evocations
  1309 | D:2      | Reached XP level 4. HP: 32/32 MP: 1/8
  1399 | D:2      | Noticed Robin
  1410 | D:2      | Killed Robin
  1411 | D:2      | Reached skill level 1 in Conjurations
  1411 | D:2      | Reached skill level 1 in Hexes
  1411 | D:2      | Reached skill level 1 in Necromancy
  1411 | D:2      | Reached skill level 1 in Translocations
  1411 | D:2      | Reached skill level 1 in Transmutations
  1411 | D:2      | Reached skill level 1 in Fire Magic
  1411 | D:2      | Reached skill level 1 in Ice Magic
  1411 | D:2      | Reached skill level 1 in Earth Magic
  1411 | D:2      | Reached skill level 1 in Poison Magic
  1556 | D:2      | Found Vacaafad's Distillery.
  1564 | D:2      | Bought a potion of curing for 33 gold pieces
  1994 | D:2      | Found a glowing silver altar of Zin.
  2283 | D:3      | Learned a level 3 spell: Summon Guardian Golem
  2288 | D:3      | Noticed Grinder
  2437 | D:3      | Reached XP level 5. HP: 37/37 MP: 7/9
  2588 | D:3      | Paralysed by Grinder for 5 turns
  2611 | D:3      | Killed Grinder
  2612 | D:3      | Reached XP level 6. HP: 30/44 MP: 1/11
  2641 | D:3      | Found a basalt altar of Yredelemnul.
  3240 | D:3      | Found a sacrificial altar of Ru.
  3242 | D:3      | Found a radiant altar of Vehumet.
  3308 | D:3      | Noticed Ijyb
  3353 | D:3      | Killed Ijyb
  3941 | D:4      | Found a stormy altar of Qazlal.
  3950 | D:4      | Learned a level 3 spell: Mephitic Cloud
  4039 | D:4      | Reached XP level 7. HP: 18/50 MP: 0/12
  4315 | D:4      | Noticed Natasha
  4322 | D:4      | Killed Natasha
  4388 | D:4      | Found a staircase to the Ecumenical Temple.
  4407 | Temple   | Entered the Ecumenical Temple
  4564 | Temple   | Became a worshipper of Cheibriados the Contemplative
  4670 | D:4      | Noticed Natasha
  4683 | D:4      | Killed Natasha
  4818 | D:4      | Noticed Natasha
  4826 | D:4      | Killed Natasha
  5006 | D:4      | Found a shimmering altar of Xom.
  5079 | D:4      | Reached skill level 9 in Dodging
  5208 | D:4      | Found a broken altar of Ashenzari.
  5404 | D:4      | Found a shadowy altar of Dithmenos.
  5482 | D:4      | Noticed Duvessa
  5482 | D:4      | Noticed Dowan
  5492 | D:4      | Killed Dowan
  5520 | D:5      | Entered Level 5 of the Dungeon
  5520 | D:5      | Noticed Blork the orc
  5662 | D:5      | Killed Blork the orc
  5742 | D:5      | Noticed Edmund
  5776 | D:5      | HP: 2/51 [Edmund/+5 dire flail of protection (5)]
  5778 | D:5      | Slain by Edmund

Illustrated notes

Levels and vault maps discovered:
D:1:      wander_arrival_desolate, layout_basic, st_stairs_13
D:2:      layout_basic, basic_altar, serial_shops, nicolae_square_shop,
          uniq_robin
D:3:      layout_loops_cross, mainiacjoe_overflow_concentric_impassable,
          jmf_multi_god_temple, gup_sewer_entry_bubbles,
          lexackson_kobold_supper, uniq_grinder, uniq_ijyb
D:4:      nicolae_cairo_tiling_large_dashed, layout_loops_cross,
          nicolae_qazlal_general_emergency, led_xom_imps,
          mainiacjoe_overflow_alcove_4, general_overflow_altar,
          minmay_temple_entry_proselytizer, uniq_natasha, uniq_duvessa
D:5:      lemuel_ice_spiral_2, layout_basic, hangedman_decor_diamond_cutter,
          minmay_mini_ossuary, uniq_edmund, uniq_crazy_yiuf_cottage,
          uniq_blork_the_orc
Temple:   hellmonk_temple_beads

Skill      XL: |  1  2  3  4  5  6  7 |
---------------+----------------------+-----
Invocations    | 1 2 3 |  3.1
Fighting       | 1 2 |  2.8
Short Blades   | 1 2 |  2.8
Long Blades    | 1 2 |  2.8
Axes           | 1 2 |  2.8
Maces & Flails | 1 2 |  2.8
Polearms       | 1 2 |  2.8
Staves         | 1 2 |  2.8
Ranged Weapons | 1 2 |  2.8
Throwing       | 1 2 |  2.8
Armour         | 1 2 |  2.8
Stealth        | 1 2 |  2.8
Shields        | 1 2 |  2.8
Unarmed Combat | 1 2 |  2.8
Evocations     | 1 2 |  2.8
Spellcasting   | 3 4 |  4.0
Conjurations   | 1 2 |  2.3
Hexes          | 1 2 |  2.3
Necromancy     | 1 2 |  2.3
Translocations | 1 2 |  2.3
Transmutations | 1 2 |  2.3
Fire Magic     | 1 2 |  2.3
Ice Magic      | 1 2 |  2.3
Earth Magic    | 1 2 |  2.3
Poison Magic   | 1 2 |  2.3
Air Magic      | 4 |  4.4
Dodging        | 9 |  9.0
Summonings     | |  5.9

Action                   |  1- 3 |  4- 6 |  7- 9 || total
-------------------------+-------+-------+-------++-------
Melee: Dagger            |     7 |       |       ||     7
       Bite              |     3 |    11 |    13 ||    27
       Whip              |    45 |   136 |   105 ||   286
       Unarmed           |       |    22 |       ||    22
       Punch             |       |     1 |     3 ||     4
 Cast: Shock             |    57 |    59 |    53 ||   169
       Summon Guardian G |       |     3 |     7 ||    10
       Summon Small Mamm |       |     1 |       ||     1
       Mephitic Cloud    |       |       |     7 ||     7
  Use: Scroll            |       |     3 |     1 ||     4
       Potion            |       |     2 |     1 ||     3
 Stab: Sleeping          |       |     3 |     2 ||     5
       Confused          |       |       |     8 ||     8
Armor: Robe              |    19 |    28 |    14 ||    61
Dodge: Dodged            |    61 |   110 |    53 ||   224
Block: Other             |       |       |    14 ||    14
